 Dungeon Crawl Stone Soup version 0.19.5 (webtiles) character file.

697038 tarabluh the Gargoyle Cataclysm (level 27, -7/188 HPs)
             Began as a Gargoyle Fighter on Mar 5, 2017.
             Was a High Priest of Qazlal.
             Killed from afar by an ancient lich (28 damage)
             ... with a bolt of acid
             ... on level 3 of the Tomb of the Ancients on Mar 6, 2017.
             The game lasted 06:09:50 (74177 turns).

tarabluh the Gargoyle Cataclysm (Gargoyle Fighter) Turns: 74177, Time: 06:09:51

Health: -7/188     AC: 67    Str: 32    XL:     27
Magic:  40/40      EV: 13    Int: 12    God:    Qazlal [*****.]
Gold:   7228       SH: 10    Dex: 10    Spells: 1 memorised, 25 levels left

rFire  + . .     SeeInvis .     T - +9 great mace (holy)
rCold  + . .     Gourm    .     h - +8 orange crystal plate armour {Archmagi, Int+3 Clar}
rNeg   + + +     Faith    .     (shield currently unavailable)
rPois  ∞         Spirit   .     (helmet restricted)
rElec  +         Reflect  .     m - +2 cloak {MR+}
rCorr  .         Harm     .     l - +2 pair of gloves
MR     +++++     Clarity  +     p - +2 pair of boots of the Assassin {DetectMon Stab+ Stlth++}
Stlth  ..........               r - amulet of Emusac {RegenMP rF+ rN+ Slay-4}
                                k - ring of protection from cold
                                s - ring of positive energy

@: corroded, flying, repel missiles
A: big wings, hooves 1, horns 2, large bone plates 1, thin metallic scales 1,
thin skeletal structure 1, clumsy 1, deterioration 1, magic resistance 2,
negative energy resistance 1, sense surroundings 1, screaming 1, electricity
resistance, wild magic 1, unbreathing, petrification resistance, rot immunity,
MP-powered wands, AC +20
a: Stop Flying, Upheaval, Elemental Force, Disaster Area, Renounce Religion
}: 3/15 runes: decaying, serpentine, silver


You were on level 3 of the Tomb of the Ancients.
You worshipped Qazlal.
Qazlal was extremely pleased with you.
You were not hungry.

You visited 13 branches of the dungeon, and saw 54 of its levels.
You visited the Abyss 1 time.
You also visited: Bailey and Ice Cave.

You collected 10545 gold pieces.
You spent 3317 gold pieces at shops.

Inventory:

Hand Weapons
 i - the +10 eveningstar "Hoesex" {crush, +Rage MP+9 Str+3}
   (You found it on level 6 of the Lair of Beasts)

   It inflicts extra damage upon your enemies.
   It affects your strength (+3).
   It affects your magic capacity (+9).
   It lets you go berserk.
 T - a +9 great mace of holy wrath (weapon)
Armour
 h - the +8 orange crystal plate armour (worn) {Archmagi, Int+3 Clar}
   (You bought it in a shop on level 2 of the Orcish Mines)

   It affects your intelligence (+3).
   It protects you against confusion.
 l - a +2 pair of gloves (worn)
 m - a +2 cloak of magic resistance (worn)
 p - the +2 pair of boots of the Assassin (worn) {DetectMon Stab+ Stlth++}
   (You found it on level 3 of the Tomb of the Ancients)

   It makes you much more stealthy.
 u - the +2 helmet of Wrong Decisions {*Slow rPois rF- Str+8, unknown}
   (You found it on level 3 of the Tomb of the Ancients)

   It affects your strength (+8).
   It makes you vulnerable to fire.
   It protects you from poison.
   It may slow you when you take damage.
 E - a +5 shield
 H - the +1 cloak of the Komtur {rElec rPois rC+}
   (You found it on level 5 of the Vaults)

   It protects you from cold.
   It insulates you from electricity.
   It protects you from poison.
 Q - +0 gold dragon scales
Jewellery
 k - a ring of protection from cold (right hand)
 q - the amulet of Sif Muna's Regard {Faith +Inv}
   (You found it on level 3 of the Tomb of the Ancients)

   [amulet of faith]

   It allows you to gain divine favour quickly.
   It lets you turn invisible.
 r - the amulet of Emusac (around neck) {RegenMP rF+ rN+ Slay-4}
   (You found it on level 5 of the Vaults)

   [amulet of magic regeneration]

   It increases your magic regeneration.
   It affects your accuracy and damage with ranged weapons and melee attacks
   (-4).
   It protects you from fire.
   It protects you from negative energy.
 s - a ring of positive energy (left hand)
 t - the ring of Divine Intervention {Dex+3 SInv Stlth+}
   (You found it on level 3 of the Tomb of the Ancients)

   [ring of stealth]

   It affects your dexterity (+3).
   It lets you see invisible.
   It makes you more stealthy.
 B - a +6 amulet of reflection
 J - an uncursed ring of protection from fire
 O - an uncursed ring of protection from fire
 X - an uncursed ring of protection from cold
Wands
 c - a wand of polymorph (6/24)
 e - a wand of heal wounds (7/9)
 n - a wand of digging (22/24)
 I - a wand of confusion (25/48)
 R - a wand of teleportation (5/9)
Scrolls
 a - 6 scrolls of remove curse
 b - 4 scrolls of holy word
 d - 2 scrolls of enchant armour
 j - 2 scrolls of fog
 w - 9 scrolls of teleportation
 y - a scroll of amnesia
 D - a scroll of acquirement
 K - a scroll of fear
 M - 3 scrolls of magic mapping
 N - 10 scrolls of identify
 S - 3 scrolls of summoning
 U - 4 scrolls of silence
 V - a scroll of recharging
 Z - 3 scrolls of blinking
Potions
 g - 2 potions of haste
 o - a potion of heal wounds
 z - 3 potions of resistance
 A - 2 potions of brilliance
 F - 7 potions of cancellation
 G - 19 potions of curing
 L - 2 potions of might
 P - 5 potions of lignification
Books
 v - a Fen Folio

   Spells                             Type                      Level
   a - Corpse Rot                     Necromancy                   2
   b - Stone Arrow                    Conjuration/Earth            3
   c - Leda's Liquefaction            Hexes/Earth                  4
   d - Summon Forest                  Summoning/Translocation      5
   e - Hydra Form                     Transmutation                6
   f - Summon Hydra                   Summoning                    7
Comestibles
 f - 16 bread rations


   Skills:
 + Level 23.0 Fighting
 - Level 20.1 Maces & Flails
 + Level 22.8 Armour
 + Level 14.0 Dodging
 - Level 0.5 Stealth
 + Level 23.0 Shields
 O Level 27 Invocations


You had 25 spell levels left.
You knew the following spells:

 Your Spells              Type           Power        Failure   Level  Hunger
a - Summon Butterflies    Summ           #.......     99%         1    ##.....


Dungeon Overview and Level Annotations

Branches:
Dungeon (15/15)            Temple (1/1) D:6            Lair (6/6) D:8
  Swamp (4/4) Lair:3        Snake (4/4) Lair:3        Slime (0/5) Lair:5
    Orc (2/2) D:10            Elf (1/3) Orc:2        Vaults (5/5) D:13
  Crypt (3/3) Vaults:3       Tomb (3/3) Crypt:3      Depths (5/5) D:15
   Hell (1/1)                 Dis (0/7) Hell            Geh (0/7) Hell
    Coc (0/7) Hell            Tar (0/7) Hell            Zot (4/5) Depths:5

Altars:
Ashenzari
Cheibriados
Dithmenos
Elyvilon
Fedhas
Gozag
Hepliaklqana
Kikubaaqudgha
Makhleb
Nemelex Xobeh
Okawaru
Qazlal
Ru
Sif Muna
Uskayaw
Vehumet
Xom
Yredelemnul
Zin
The Shining One
Jiyva

Shops:
D:14 :   Orc:2 !*[}   Snake:2 ?*[   Vaults:1 :   Vaults:4 ?   Zot:2 *
Depths:1 =}=   Depths:5 *

Portals:
Hell: Depths:1 Depths:2 Depths:3 Depths:4 Depths:5
Abyss: Depths:2 Depths:3 Depths:4 Depths:5
Pandemonium: Depths:3 Depths:4
Ziggurat: Tomb:3 Depths:1
Trove: Vaults:4 (give 7 potions of haste)

Annotations:
D:4 Sigmund
D:12 1 runed door
Depths:4 the Enchantress


Innate Abilities, Weirdness & Mutations

You are resistant to torment.
Your stone body is resilient. (AC +20)
You are immune to poison.
Your large and strong wings let you fly indefinitely.
You resist negative energy. (rN+)
You are resistant to electric shocks. (rElec)
You can survive without breathing.
You are immune to petrification.
You are immune to rotting.
You have large cloven feet.
You have a pair of horns on your head.
You are partially covered in large bone plates. (SH +4)
You are partially covered in thin metallic scales. (AC +2)
You have a somewhat thin skeletal structure. (Dex +2, Stealth)
You are clumsy. (Dex -2)
Your body sometimes deteriorates upon taking damage.
You are highly resistant to hostile enchantments. (MR++)
You passively map a small area around you.
You occasionally shout uncontrollably at your foes.
Your spells are a little harder to cast, but a little more powerful.
You expend magic power (3 MP) to strengthen your wands.


Message History

The ancient lich is moderately damaged.
The ancient lich points at you and mumbles some strange words.
The bolt of acid hits you!
You are splashed with acid!
The acid burns!
The death scarab bites you but does no damage.
You hit the ancient lich.
The ancient lich convulses.
You headbutt the ancient lich, but do no damage.
The ancient lich is moderately damaged.
The death scarab misses you. The ancient lich casts a spell at you.
The bolt of acid hits you!
* * * LOW HITPOINT WARNING * * *
The acid corrodes you!
You are splashed with acid!
The acid burns!
* * * LOW HITPOINT WARNING * * *
You feel much better. The death scarab barely misses you.
The ancient lich casts a spell at you. The bolt of acid hits you!
You are splashed with acid!
The acid burns!
* * * LOW HITPOINT WARNING * * *
The ancient lich casts a spell at you. The bolt of acid hits you!
You die...

****** ######## *,,,,*
###......### *,,,,*
##..........## *,,,,**
#............#
......*##......§.....##
......*#......##§L....#
......*#......##@.§...#
......##..L..{##§s....#
......#.......##......#
......#.......##.(§...#
......#.M....##.......#
.M..{.......##........#
...........##.....#...#
......######.....##...#
#######.........###...#


You could see an ancient lich and a death scarab.

Vanquished Creatures
  3 ancient liches
  An orb of fire (Zot:1)
  A juggernaut (Depths:4)
  32 greater mummies
  Sojobo (Tomb:1)
  5 large abominations
  Xtahua (Depths:3)
  2 caustic shrikes
  A caustic shrike (shapeshifter) (Depths:3)
  16 golden dragons
  Geryon (Hell)
  Jory (Vaults:2)
  13 liches
  8 tentacled monstrosities
  3 quicksilver dragons (Zot:3)
  2 titans
  Asterion (Vaults:1)
  9 ancient champions
  3 thorn hunters (Swamp:4)
  6 sphinxes
  14 tengu reavers
  7 death cobs
  14 shadow dragons
  The ghost of MaceMeetFace the Severer, an adept FoFi of Makhleb (D:15)
  6 nagarajas (Snake:4)
  Roxanne (D:14)
  7 revenants
  3 draconian monks (Zot:3)
  14 storm dragons
  10 fire giants
  15 frost giants
  3 draconian knights
  14 vault wardens
  A frost giant (shapeshifter) (Depths:5)
  A cacodemon (Hell)
  3 orc warlords
  3 iron dragons
  7 draconian zealots
  6 deep elf sorcerers
  Aizul (Snake:1)
  A balrug (Hell)
  3 draconian shifters
  7 draconian scorchers
  2 deep elf elementalists
  6 ghouls
  A caustic shrike skeleton (Depths:4)
  5 draconian annihilators
  7 vampire knights
  21 stone giants
  2 entropy weavers (Vaults:4)
  4 curse skulls
  15 ironheart preservers
  19 very ugly things
  7 spriggan defenders
  A war gargoyle (Vaults:5)
  3 draconian callers
  4 bennus (Tomb:2)
  2 deep elf demonologists
  10 reapers
  9 black draconians
  7 green draconians
  3 deep elf annihilators
  The ghost of FelipeSwartz the Fighter, a journeyman DsWn of Dithmenos (D:15)
  4 spark wasps (Depths:1)
  8 purple draconians
  A lorocyproca (Hell)
  4 red draconians
  7 yellow draconians
  6 mottled draconians
  8 white draconians
  Snorg (Orc:2)
  11 ettins
  2 deep elf death magi
  The ghost of HolyRage the Arsonist, a journeyman HEFE of Vehumet (Lair:4)
  15 fire dragons
  2 merfolk impalers (Depths:2)
  2 blizzard demons
  A green death (Depths:4)
  Josephine (D:11)
  26 mummy priests
  2 eidola
  7 great orbs of eyes
  18 jiangshi
  5 deep elf high priests
  20 yaktaur captains
  2 quicksilver dragon zombies
  10 rakshasas
  29 vault guards
  22 hydras
  2 catoblepae
  9 naga warriors
  15 ice dragons
  8 spriggan air magi
  13 centaur warriors
  2 ghost crabs
  6 anacondas
  6 alligators
  58 death scarabs
  2 dancing weapons (D:13)
  5 death knights
  The ghost of Grantopolo the Devastator, a journeyman DECj of Sif Muna (Lair:4)
  The ghost of FelipeSwartz the Slicer, a novice DsWn of Ashenzari (Bailey)
  9 tengu warriors
  9 ogre magi
  6 death yaks
  15 deep troll shamans
  Urug (D:10)
  14 deep troll earth magi
  4 thrashing horrors (Abyss:3)
  10 naga sharpshooters
  5 spriggan berserkers
  3 titan zombies
  A storm dragon zombie (Crypt:3)
  7 shock serpents
  13 vampire magi
  An iron golem (Hell)
  3 sun demons (Hell)
  11 soul eaters
  An orc high priest (Depths:3)
  12 hell knights
  3 salamander mystics
  7 spriggans
  7 deep elf knights
  2 wretched stars (Abyss:3)
  2 sixfirhies
  An iron giant zombie (Crypt:1)
  A fire crab (shapeshifter) (Vaults:5)
  22 skeletal warriors
  2 titan skeletons
  6 flayed ghosts
  A death drake (Abyss:3)
  An iron troll (Depths:3)
  3 unseen horrors
  A golden dragon zombie (Depths:4)
  2 spriggan druids
  3 anaconda zombies (Hell)
  7 naga ritualists
  7 shadow wraiths
  8 swamp dragons
  A ghost moth zombie (Tomb:1)
  5 sea snakes (Snake:4)
  34 deep trolls
  2 tengu zombies
  2 wizards (Depths:1)
  6 deep elf archers
  8 hill giants
  6 small abominations
  A shambling mangrove (Swamp:2)
  6 glowing orange brains
  6 phantasmal warriors
  16 orc knights
  A sphinx zombie (Depths:1)
  14 ironbrand convokers
  13 necromancers
  9 mana vipers
  A lindwurm (Zot:3)
  4 harpies (Vaults:2)
  6 orc sorcerers
  14 deep elf magi
  A wolf spider zombie (Hell)
  A hell hog zombie (Crypt:3)
  3 frost giant zombies
  3 cyclopes
  3 iron dragon zombies
  35 ugly things
  A fire giant zombie (Hell)
  A mana viper (shapeshifter) (Depths:3)
  2 shadow dragon skeletons
  A hell hog skeleton (Crypt:2)
  5 wolf spiders
  11 salamanders
  3 stone giant zombies
  5 manticores
  22 moths of wrath
  A worldbinder (Abyss:3)
  A frost giant skeleton (Crypt:1)
  11 vault sentinels
  A fire giant skeleton (Depths:1)
  2 stone giant skeletons
  A water nymph (shapeshifter) (Vaults:4)
  A guardian serpent (Snake:4)
  A spriggan zombie (Depths:4)
  An iron dragon skeleton (Hell)
  3 centaur zombies
  Maurice (D:10)
  7 rust devils
  A guardian serpent (shapeshifter) (Vaults:5)
  A torpor snail (shapeshifter) (Vaults:5)
  The ghost of Psyclone the Destroyer, a novice DEFE of Vehumet (Bailey)
  23 black mambas
  19 spiny frogs
  19 naga magi
  An orange demon (Hell)
  A centaur skeleton (D:13)
  A hellion (Hell)
  A gargoyle (D:14)
  3 ice statues
  4 smoke demons
  5 yaktaur zombies
  A pale draconian zombie (Crypt:1)
  An emperor scorpion zombie (Crypt:3)
  A spriggan skeleton (Depths:4)
  A dire elephant skeleton (Hell)
  A shock serpent skeleton (Tomb:2)
  2 rime drakes (IceCv)
  A demonic crawler (Hell)
  12 freezing wraiths
  A yellow draconian zombie (Crypt:3)
  4 ice devils
  44 yaktaurs
  A yaktaur skeleton (Depths:1)
  An ancient zyme (Abyss:3)
  3 red devils
  A ghost moth simulacrum (Tomb:3)
  8 komodo dragons
  A hellwing (Abyss:3)
  2 black draconian skeletons (Crypt:3)
  12 polar bears
  79 guardian mummies
  A hydra zombie (Hell)
  3 tengu conjurers
  A jumping spider (shapeshifter) (Depths:3)
  A meliai (shapeshifter) (Vaults:1)
  3 meliai (Lair:4)
  2 queen bees
  8 trolls
  A troll (shapeshifter) (Depths:3)
  2 tyrant leeches
  A wolf spider simulacrum (Hell)
  14 hornets
  A blink frog (shapeshifter) (Vaults:3)
  2 hippogriffs (shapeshifter)
  A jumping spider (Vaults:4)
  A shadow dragon simulacrum (Tomb:3)
  18 two-headed ogres
  4 hydra skeletons
  17 bog bodies
  2 fire giant simulacra
  2 fire dragon zombies
  9 raiju
  A satyr zombie (Crypt:2)
  A deep troll zombie (Hell)
  13 blink frogs
  3 ice dragon zombies
  31 slime creatures
  An ettin zombie (Hell)
  A human simulacrum (Vaults:3)
  14 hippogriffs
  A snapping turtle (shapeshifter) (Vaults:5)
  7 air elementals
  An ettin skeleton (Vaults:5)
  2 shadows (Crypt:2)
  26 flying skulls
  5 ynoxinuls
  A redback (shapeshifter) (Vaults:2)
  A vampire (D:14)
  14 wraiths
  2 redbacks (Vaults:4)
  20 water elementals
  4 wyverns
  A tyrant leech zombie (Crypt:1)
  3 hogs (D:7)
  A yak (shapeshifter) (Vaults:4)
  A basilisk (shapeshifter) (Vaults:4)
  7 fire elementals
  27 ushabtiu
  65 yaks
  3 steam dragons
  2 hungry ghosts
  Eustachio (D:6)
  A human (D:7)
  14 vampire mosquitoes
  A chaos spawn (Abyss:3)
  A steam dragon (shapeshifter) (Vaults:5)
  4 basilisks
  A neqoxec (Abyss:3)
  An elf skeleton (Vaults:5)
  A yaktaur simulacrum (Vaults:1)
  A swamp worm (shapeshifter) (Vaults:5)
  18 wargs
  5 mottled dragons
  2 human zombies (Hell)
  19 swamp worms
  A harpy simulacrum (Hell)
  19 insubstantial wisps
  Edmund (D:6)
  2 hydra simulacra
  65 nagas
  14 water moccasins
  A floating eye (Depths:3)
  13 porcupines
  6 hell hounds (Lair:6)
  2 spiny frog skeletons
  2 tengu skeletons
  10 swamp drakes
  A snapping turtle zombie (Crypt:1)
  26 ice beasts
  6 sky beasts
  54 orc warriors
  16 black bears
  An alligator simulacrum (Hell)
  A wolf (shapeshifter) (Vaults:4)
  4 necrophages
  A phantom (D:8)
  An eye of draining (D:12)
  37 centaurs
  A tengu (shapeshifter) (Depths:3)
  34 wolves
  A manticore skeleton (Abyss:3)
  5 boggarts (Depths:3)
  A centaur (shapeshifter) (Depths:3)
  49 ogres
  14 crocodiles
  A swamp dragon skeleton (Crypt:3)
  2 big kobolds
  A salamander zombie (Crypt:1)
  An octopode zombie (Crypt:2)
  A draconian zombie (Crypt:3)
  19 bullfrogs
  A bullfrog (shapeshifter) (Vaults:5)
  8 gnoll sergeants (Bailey)
  A water moccasin zombie (D:6)
  A hell hound skeleton (Crypt:2)
  4 scorpions
  A troll zombie (Hell)
  A wyvern skeleton (D:9)
  82 killer bees
  A warg skeleton (Crypt:1)
  4 howler monkeys
  19 wights
  2 electric eels
  4 crimson imps
  A wolf zombie (Crypt:3)
  A bullfrog zombie (D:12)
  3 quasits
  11 starcursed masses (Abyss:3)
  3 jellies
  26 orc priests
  6 gnoll shamans (Bailey)
  19 hounds
  5 bullfrog skeletons
  5 iguanas
  An iron imp (Depths:5)
  A two-headed ogre zombie (Crypt:3)
  A demonspawn skeleton (Crypt:3)
  A porcupine zombie (Crypt:2)
  26 orc wizards
  15 hell rats
  9 worker ants
  A naga skeleton (Crypt:1)
  An ogre skeleton (Tomb:1)
  A hound skeleton (D:9)
  58 mummies
  A howler monkey skeleton (D:9)
  12 adders
  14 gnolls (Bailey)
  6 shadow imps
  A white imp (Abyss:3)
  6 oozes
  4 adder skeletons
  An adder zombie (Crypt:2)
  A halfling skeleton (Crypt:3)
  A worm (D:3)
  2 dart slugs
  7 leopard geckos
  114 orcs
  4 giant cockroaches
  4 goblins
  5 hobgoblins
  14 jackals
  5 quokkas
  5 bats
  A frilled lizard (D:5)
  10 kobolds
  A leopard gecko zombie (D:6)
  7 rats
  9 briar patches (Swamp:4)
  A bush (Lair:4)
  A butterfly (Lair:2)
  A crawling corpse (Depths:3)
  21 fungi
  A lurking horror (Abyss:3)
  21 plants
2917 creatures vanquished.

Vanquished Creatures (collateral kills)
  A greater mummy (Tomb:1)
  A tengu reaver (Vaults:5)
  An ironheart preserver (Vaults:5)
  A blizzard demon (Hell)
  3 hydras (Swamp:4)
  A shambling mangrove (Swamp:4)
  A red devil (Hell)
  2 deep troll zombies (Hell)
  A spriggan (Swamp:4)
  An ushabti (Tomb:1)
  A vampire mosquito (Swamp:4)
  A swamp drake (Swamp:4)
  A hell rat (Hell)
16 creatures vanquished.

Vanquished Creatures (others)
  A nagaraja (Snake:2)
  2 stone giants
  A vampire knight (Depths:2)
  9 yaktaur captains
  A rakshasa (Depths:3)
  An ice dragon (IceCv)
  2 centaur warriors
  A death scarab (Tomb:3)
  An ogre mage (Vaults:3)
  3 naga sharpshooters
  A deep elf knight (Vaults:4)
  A shadow wraith (Vaults:5)
  A deep elf archer (Vaults:4)
  A necromancer (Depths:1)
  A cyclops (Vaults:1)
  A guardian serpent (Snake:4)
  A black mamba (Snake:4)
  A dire elephant zombie (Tomb:2)
  A naga mage (Snake:4)
  19 yaktaurs
  A guardian mummy (Tomb:3)
  A raiju (Abyss:3)
  3 water elementals
  9 flying skulls
  A neqoxec (Abyss:3)
  2 nagas (Snake:4)
  A spiny frog skeleton (Tomb:2)
  An ogre (Depths:4)
  A wolf (Lair:6)
  2 centaurs (Depths:2)
  A killer bee (Lair:4)
  A mummy (Tomb:2)
  2 briar patches (Swamp:4)
  A fulminant prism (Lair:4)
  6 fungi
  A lurking horror (Abyss:3)
  32 plants
  9 starspawn tentacles (Abyss:3)
125 creatures vanquished.

Grand Total: 3058 creatures vanquished

Notes
Turn   | Place    | Note
-------+----------+-------------------------------------------
     0 | D:1      | tarabluh the Gargoyle Fighter began the quest for the Orb.
     0 | D:1      | Reached XP level 1. HP: 14/14 MP: 1/1
    74 | D:1      | Reached XP level 2. HP: 17/19 MP: 2/2
   204 | D:2      | Reached XP level 3. HP: 16/23 MP: 3/3
   493 | D:4      | Reached XP level 4. HP: 28/28 MP: 4/4
   654 | D:4      | Noticed Sigmund
   691 | D:3      | Reached XP level 5. HP: 7/33 MP: 5/5
  1053 | D:3      | HP: 1/33 [orc priest/divine providence (9)]
  1549 | D:3      | Reached XP level 6. HP: 38/38 MP: 6/6
  1726 | D:4      | Reached skill level 5 in Shields
  1734 | D:5      | Entered Level 5 of the Dungeon
  1832 | D:5      | Reached skill level 1 in Dodging
  1853 | D:5      | Noticed an ice beast
  1861 | D:5      | Reached XP level 7. HP: 43/44 MP: 7/7
  2699 | D:5      | Reached skill level 5 in Maces & Flails
  2980 | D:5      | Reached skill level 5 in Armour
  3105 | D:6      | Noticed Eustachio
  3116 | D:6      | Killed Eustachio
  3116 | D:6      | Reached XP level 8. HP: 48/48 MP: 8/8
  3144 | D:6      | Got a pitted ring mail
  3164 | D:6      | Identified the +3 ring mail "Malor" {Str+4 Dex+4} (You found it on level 6 of the Dungeon)
  3197 | D:6      | Noticed Edmund
  3221 | D:6      | Killed Edmund
  3427 | D:6      | Found a staircase to the Ecumenical Temple.
  3434 | Temple   | Entered the Ecumenical Temple
  3504 | Temple   | Became a worshipper of Qazlal Stormbringer
  3911 | D:6      | Found a shadowy altar of Dithmenos.
  4098 | D:7      | Reached XP level 9. HP: 39/52 MP: 9/9
  4136 | D:7      | Found an ancient bone altar of Kikubaaqudgha.
  4202 | D:7      | Reached * piety under Qazlal
  4217 | D:7      | Found a blossoming altar of Fedhas.
  4397 | D:7      | Reached skill level 10 in Maces & Flails
  4555 | D:7      | Reached skill level 1 in Invocations
  4792 | D:7      | Found a deep blue altar of Sif Muna.
  4920 | D:8      | Reached skill level 2 in Invocations
  4926 | D:8      | Gained mutation: You have sharp toenails. [mutagenic meat]
  4927 | D:8      | Gained mutation: You are partially covered in iridescent scales. (AC +2) [mutagenic meat]
  4928 | D:8      | Gained mutation: Your spells are a little easier to cast, but a little less powerful. [mutagenic meat]
  4929 | D:8      | Gained mutation: Your body sometimes deteriorates upon taking damage. [mutagenic meat]
  4930 | D:8      | Gained mutation: You are partially covered in thin metallic scales. (AC +2) [mutagenic meat]
  4988 | D:8      | Reached skill level 3 in Invocations
  5153 | D:8      | Reached XP level 10. HP: 58/58 MP: 12/12
  5156 | D:8      | Found a staircase to the Lair.
  5182 | D:8      | Found an opulent altar of Gozag.
  5201 | D:8      | Reached skill level 4 in Invocations
  5260 | D:8      | Reached skill level 5 in Invocations
  5626 | D:8      | Reached ** piety under Qazlal
  5636 | D:8      | Reached skill level 6 in Invocations
  6247 | D:9      | Found a flagged portal.
  6256 | Bailey   | Entered a bailey
  6361 | Bailey   | Reached skill level 7 in Invocations
  6389 | Bailey   | Noticed FelipeSwartz's ghost (novice DsWn)
  6448 | Bailey   | Killed FelipeSwartz's ghost
  6476 | Bailey   | Reached skill level 5 in Fighting
  6555 | Bailey   | Noticed Psyclone's ghost (novice DEFE)
  6575 | Bailey   | Killed Psyclone's ghost
  6575 | Bailey   | Reached skill level 8 in Invocations
  7247 | D:9      | Reached XP level 11. HP: 64/64 MP: 17/17
  7477 | D:9      | Reached skill level 9 in Invocations
  7488 | D:9      | Found a burning altar of Makhleb.
  7549 | D:10     | Entered Level 10 of the Dungeon
  7609 | D:10     | Reached *** piety under Qazlal
  7737 | D:10     | Found a staircase to the Orcish Mines.
  7745 | Orc:1    | Entered Level 1 of the Orcish Mines
  8103 | D:10     | Reached skill level 10 in Invocations
  8608 | D:11     | Noticed Urug
  8803 | D:10     | Killed Urug
  8908 | D:11     | Reached **** piety under Qazlal
  9332 | Orc:1    | Reached skill level 11 in Invocations
  9599 | Orc:1    | Noticed Maurice
  9621 | Orc:1    | Noticed an orc warlord
  9791 | D:10     | Killed an orc warlord
  9791 | D:10     | Reached XP level 12. HP: 27/68 MP: 20/20
 10025 | D:10     | Killed Maurice
 10084 | Orc:1    | Reached skill level 12 in Invocations
 10141 | Orc:1    | Reached skill level 10 in Shields
 10640 | D:10     | Reached ***** piety under Qazlal
 11118 | Orc:1    | Gained mutation: Scrolls take you a little longer to read. [a neqoxec]
 11372 | Orc:2    | Entered Level 2 of the Orcish Mines
 11382 | Orc:2    | Noticed Snorg
 11635 | Orc:2    | Killed Snorg
 12016 | Orc:2    | Found a staircase to the Elven Halls.
 12037 | Orc:2    | Noticed a centaur warrior
 12089 | Orc:2    | Killed a centaur warrior
 12114 | Orc:1    | Reached skill level 13 in Invocations
 12114 | Orc:1    | Reached XP level 13. HP: 39/76 MP: 22/22
 12640 | Orc:2    | Reached ****** piety under Qazlal
 12777 | Orc:2    | Found Pum Deuny's Armour Shoppe.
 12777 | Orc:2    | Found Ijue's Assorted Antiques.
 12779 | Orc:2    | Found Ynothilurph's Distillery.
 12781 | Orc:2    | Found Qutish's Gadget Emporium.
 12810 | Orc:2    | Bought a potion of heal wounds for 85 gold pieces
 12995 | Orc:2    | Noticed an ettin
 13014 | Orc:2    | Killed an ettin
 13117 | Elf:1    | Entered Level 1 of the Elven Halls
 13628 | D:11     | Noticed Josephine
 13655 | D:11     | Killed Josephine
 14337 | D:12     | Found a glowing silver altar of Zin.
 14337 | D:12     | Found a runed door.
 14338 | D:12     | Noticed an angel
 14525 | D:12     | You fall through a shaft for 2 floors!
 14563 | D:14     | Found a sacrificial altar of Ru.
 14648 | D:14     | Reached skill level 14 in Invocations
 14659 | D:15     | Entered Level 15 of the Dungeon
 14795 | D:14     | Gained mutation: Your large and strong wings let you fly indefinitely. [Gargoyle growth]
 14795 | D:14     | Reached XP level 14. HP: 74/87 MP: 24/24
 14824 | D:14     | Reached skill level 10 in Fighting
 15040 | D:14     | Noticed Roxanne
 15286 | D:14     | Found Sadwibb's Book Shoppe.
 15486 | D:15     | Identified a scroll of acquirement
 15510 | D:15     | Noticed FelipeSwartz's ghost (journeyman DsWn)
 15598 | D:15     | Killed FelipeSwartz's ghost
 15762 | D:15     | Noticed MaceMeetFace's ghost (adept FoFi)
 16875 | D:13     | Found a gate to the Vaults.
 17049 | D:13     | Gained mutation: You are weak. (Str -2) [potion of mutation]
 17049 | D:13     | Gained mutation: You are occasionally teleported next to monsters. [potion of mutation]
 17602 | Lair:1   | Entered Level 1 of the Lair of Beasts
 17786 | Orc:2    | Bought the +8 orange crystal plate armour {Archmagi, Int+3 Clar} for 2053 gold pieces
 18831 | Lair:2   | Found a frozen archway.
 18840 | IceCv    | Entered an ice cave
 19046 | IceCv    | Lost mutation: Your spells are a little easier to cast, but a little less powerful. [potion of cure mutation]
 19046 | IceCv    | Lost mutation: You are occasionally teleported next to monsters. [potion of cure mutation]
 19046 | IceCv    | Lost mutation: You are weak. (Str -2) [potion of cure mutation]
 19048 | IceCv    | Reached skill level 15 in Invocations
 20104 | Lair:2   | Reached XP level 15. HP: 74/95 MP: 26/26
 20511 | Lair:3   | Found a staircase to the Snake Pit.
 20739 | Lair:4   | Noticed Grantopolo's ghost (journeyman DECj)
 21189 | Lair:3   | Found a staircase to the Swamp.
 21424 | Lair:4   | Killed Grantopolo's ghost
 21526 | Lair:4   | Noticed HolyRage's ghost (journeyman HEFE)
 21550 | Lair:4   | Killed HolyRage's ghost
 21836 | Lair:4   | Reached skill level 16 in Invocations
 21930 | Lair:4   | Reached skill level 10 in Armour
 23382 | Lair:5   | Found a runed door.
 23382 | Lair:5   | Found a viscous altar of Jiyva.
 23382 | Lair:5   | Found a staircase to the Slime Pits.
 23703 | Lair:6   | Entered Level 6 of the Lair of Beasts
 24787 | Lair:6   | Reached XP level 16. HP: 96/103 MP: 28/28
 24872 | Lair:6   | Got a shimmering eveningstar
 24878 | Lair:6   | Identified the +10 eveningstar "Hoesex" {crush, +Rage MP+9 Str+3} (You found it on level 6 of the Lair of Beasts)
 25598 | Snake:1  | Entered Level 1 of the Snake Pit
 25878 | Snake:1  | Noticed Aizul
 25892 | Snake:1  | Killed Aizul
 26278 | Snake:2  | Reached skill level 17 in Invocations
 26457 | Snake:2  | Found Obuavaor's Magic Scroll Shop.
 26459 | Snake:2  | Found Muj Obru's Assorted Antiques.
 26462 | Snake:2  | Found Huqiguc's Antique Armour Shop.
 26467 | Snake:2  | Bought a scroll of magic mapping for 94 gold pieces
 26469 | Snake:2  | Bought a glowing hat for 350 gold pieces
 27377 | Snake:4  | Entered Level 4 of the Snake Pit
 27492 | Snake:4  | Reached skill level 15 in Maces & Flails
 27605 | Snake:4  | Reached XP level 17. HP: 105/108 MP: 29/29
 28338 | Snake:4  | Reached skill level 15 in Shields
 28352 | Snake:4  | Gained mutation: Your spells are a little harder to cast, but a little more powerful. [mutagenic meat]
 28353 | Snake:4  | Lost mutation: You have sharp toenails. [mutagenic meat]
 28354 | Snake:4  | Gained mutation: You are clumsy. (Dex -2) [mutagenic meat]
 28355 | Snake:4  | Gained mutation: Your spells are harder to cast, but more powerful. [mutagenic meat]
 28356 | Snake:4  | Gained mutation: You are robust. (+10% HP) [mutagenic meat]
 28977 | Snake:4  | Got a serpentine rune of Zot
 29288 | Swamp:1  | Entered Level 1 of the Swamp
 29353 | Swamp:1  | Lost mutation: You are robust. (+10% HP) [mutagenic meat]
 29354 | Swamp:1  | Gained mutation: You have a pair of small antennae on your head. [mutagenic meat]
 29362 | Swamp:1  | Gained mutation: You have large cloven feet. [mutagenic meat]
 30111 | Swamp:2  | Reached XP level 18. HP: 107/114 MP: 30/30
 30880 | Swamp:3  | Reached skill level 18 in Invocations
 31403 | Swamp:4  | Entered Level 4 of the Swamp
 32299 | Swamp:4  | Got a decaying rune of Zot
 32695 | D:14     | Killed Roxanne
 32696 | D:14     | Identified Roxanne's Almanac of Stones (You took it off Roxanne on level 14 of the Dungeon)
 32847 | D:15     | Killed MaceMeetFace's ghost
 33043 | D:15     | Found a staircase to the Depths.
 33052 | Depths:1 | Entered Level 1 of the Depths
 33057 | Depths:1 | Reached skill level 19 in Invocations
 33442 | Depths:1 | Found a gateway to Hell.
 33454 | Depths:1 | Found Novug's Jewellery Emporium.
 33456 | Depths:1 | Found Icim's Gadget Boutique.
 33457 | Depths:1 | Found Duhuaho's Jewellery Emporium.
 33481 | Hell     | Entered the Vestibule of Hell
 33481 | Hell     | Noticed Geryon
 33513 | Depths:1 | Reached XP level 19. HP: 106/121 MP: 32/32
 33947 | Depths:1 | Found a sparkling altar of Nemelex Xobeh.
 34022 | Depths:1 | Found a gateway to a ziggurat.
 34243 | Vaults:1 | Entered Level 1 of the Vaults
 34353 | Vaults:1 | Gained mutation: You are robust. (+10% HP) [mutagenic meat]
 34355 | Vaults:1 | Gained mutation: You have a somewhat thin skeletal structure. (Dex +2, Stealth) [mutagenic meat]
 34356 | Vaults:1 | Lost mutation: You are robust. (+10% HP) [mutagenic meat]
 34358 | Vaults:1 | Gained mutation: You expend magic power (3 MP) to strengthen your wands. [mutagenic meat]
 34361 | Vaults:1 | Gained mutation: You are dopey. (Int -2) [mutagenic meat]
 34383 | Vaults:1 | Found Xecriyt's Book Emporium.
 34436 | Vaults:1 | Noticed Asterion
 34445 | Vaults:1 | Killed Asterion
 35001 | Vaults:1 | Gained mutation: You are frail. (-10% HP) [mutagenic meat]
 35003 | Vaults:1 | Gained mutation: Your flesh is cold resistant. (rC+) [mutagenic meat]
 35043 | Vaults:1 | Lost mutation: Scrolls take you a little longer to read. [mutagenic meat]
 35046 | Vaults:1 | Lost mutation: You are frail. (-10% HP) [mutagenic meat]
 35049 | Vaults:1 | Lost mutation: You are dopey. (Int -2) [mutagenic meat]
 35740 | Vaults:2 | Noticed Jory
 35742 | Vaults:2 | Reached skill level 20 in Invocations
 35775 | Vaults:2 | Killed Jory
 36251 | Vaults:2 | Gained mutation: Your skin changes colour to match your surroundings (Stealth+). [mutagenic meat]
 36252 | Vaults:2 | Gained mutation: Your mind is acute. (Int +2) [mutagenic meat]
 36654 | Vaults:2 | Reached skill level 21 in Invocations
 36772 | Vaults:2 | Reached XP level 20. HP: 128/128 MP: 34/34
 37313 | Vaults:3 | Lost mutation: You are partially covered in iridescent scales. (AC +2) [mutagenic meat]
 37315 | Vaults:3 | Lost mutation: Your flesh is cold resistant. (rC+) [mutagenic meat]
 37427 | Vaults:3 | Reached skill level 22 in Invocations
 38266 | Vaults:3 | Found a staircase to the Crypt.
 38285 | Crypt:1  | Entered Level 1 of the Crypt
 38572 | Vaults:4 | Reached skill level 23 in Invocations
 38618 | Vaults:4 | Found a portal to a secret trove of treasure.
 38628 | Vaults:4 | Found Najos's Magic Scroll Boutique.
 39075 | Vaults:4 | Reached XP level 21. HP: 63/133 MP: 36/36
 39736 | Vaults:4 | Gained mutation: Your movements are slightly less encumbered by armour. (ER -2) [mutagenic meat]
 39737 | Vaults:4 | Gained mutation: You are somewhat resistant to further mutation. [mutagenic meat]
 39738 | Vaults:4 | Lost mutation: Your spells are harder to cast, but more powerful. [mutagenic meat]
 39739 | Vaults:4 | Lost mutation: You have a pair of small antennae on your head. [mutagenic meat]
 39740 | Vaults:4 | Lost mutation: You are clumsy. (Dex -2) [mutagenic meat]
 39937 | Vaults:4 | Gained mutation: You have hoof-like feet. [mutagenic meat]
 39951 | Vaults:4 | Reached skill level 24 in Invocations
 40581 | Vaults:5 | Entered Level 5 of the Vaults
 40582 | Vaults:5 | Reached skill level 25 in Invocations
 40615 | Vaults:5 | Noticed a golden dragon
 40629 | Vaults:4 | Paralysed by a lich for 5 turns
 40653 | Vaults:5 | Killed a golden dragon
 40671 | Vaults:4 | Lost mutation: Your mind is acute. (Int +2) [mutagenic meat]
 40686 | Vaults:5 | Reached XP level 22. HP: 126/139 MP: 38/38
 40730 | Vaults:5 | Reached skill level 15 in Fighting
 41018 | Vaults:4 | Reached skill level 26 in Invocations
 41789 | Vaults:5 | Reached skill level 15 in Armour
 41822 | Vaults:4 | Gained mutation: You regenerate slowly when monsters are visible. [mutagenic meat]
 41826 | Vaults:4 | Lost mutation: You expend magic power (3 MP) to strengthen your wands. [mutagenic meat]
 41965 | Vaults:5 | Noticed a golden dragon
 41968 | Vaults:5 | Noticed an ancient lich
 42069 | Vaults:4 | Killed an ancient lich
 42294 | Vaults:5 | Killed a golden dragon
 42422 | Vaults:4 | Reached XP level 23. HP: 54/147 MP: 40/40
 42868 | Vaults:5 | Got a warped gossamer ring
 42908 | Vaults:5 | Identified the ring "Xigafol" {MR- Str+3 SInv Stlth-} (You took it off an ironheart preserver on level 5 of the Vaults)
 42947 | Vaults:5 | Identified Riquul's Papyrus of Protection and Clay
 42987 | Vaults:5 | Got a vibrating graven amulet
 42992 | Vaults:5 | Identified the amulet of Emusac {RegenMP rF+ rN+ Slay-4} (You found it on level 5 of the Vaults)
 43138 | Vaults:5 | Got ichor-stained pearl dragon scales
 43139 | Vaults:5 | Identified the cursed +1 pearl dragon scales of Parlour Games {+Inv rF+ rN+ MP+9 Str-4} (You found it on level 5 of the Vaults)
 43329 | Vaults:5 | Identified a +2 rod of clouds (12/12) (You found it on level 5 of the Vaults)
 43515 | Vaults:5 | Got a silver rune of Zot
 43580 | Vaults:5 | Got a smoking cloak
 43591 | Vaults:5 | Identified the +1 cloak of the Komtur {rElec rPois rC+} (You found it on level 5 of the Vaults)
 44546 | Depths:2 | Noticed a caustic shrike
 44559 | Depths:1 | Killed a caustic shrike
 45123 | Depths:2 | Lost mutation: You have hoof-like feet. [mutagenic meat]
 45125 | Depths:2 | Lost mutation: You regenerate slowly when monsters are visible. [mutagenic meat]
 45204 | Depths:2 | Found a one-way gate to the infinite horrors of the Abyss.
 45328 | Hell     | Noticed an ancient lich
 45538 | Hell     | Killed an ancient lich
 45635 | Hell     | Killed Geryon
 45773 | Depths:2 | Gained mutation: Your mind is acute. (Int +2) [mutagenic meat]
 45774 | Depths:2 | Gained mutation: You are resistant to hostile enchantments. (MR+) [mutagenic meat]
 45775 | Depths:2 | Gained mutation: You expend magic power (3 MP) to strengthen your wands. [mutagenic meat]
 46091 | Hell     | Found a gateway to the decaying netherworld of Tartarus.
 46139 | Hell     | Found a gateway to the ashen valley of Gehenna.
 46221 | Hell     | Found a gateway to the Iron City of Dis.
 46316 | Hell     | Found a gateway to the freezing wastes of Cocytus.
 46925 | Depths:3 | Noticed a golden dragon
 46938 | Depths:3 | Killed a golden dragon
 46938 | Depths:3 | Reached XP level 24. HP: 143/156 MP: 40/40
 47318 | Depths:3 | Paralysed by a floating eye for 2 turns
 47514 | Depths:3 | Noticed Xtahua
 47541 | Depths:3 | Killed Xtahua
 47560 | Depths:3 | Noticed a caustic shrike
 47560 | Depths:3 | a shadow dragon changed into a caustic shrike
 47565 | Depths:3 | Killed a caustic shrike
 47565 | Depths:3 | Reached skill level 5 in Dodging
 47580 | Depths:3 | Gained mutation: You have a pair of small horns on your head. [mutagenic meat]
 47805 | Depths:3 | Lost mutation: You are somewhat resistant to further mutation. [potion of mutation]
 47805 | Depths:3 | Gained mutation: You passively map a small area around you. [potion of mutation]
 48026 | Depths:3 | Found a runed door.
 50012 | Depths:3 | Reached skill level 27 in Invocations
 50356 | Depths:3 | Found a one-way gate leading to the halls of Pandemonium.
 50369 | Depths:3 | Identified the Guide on Dislocated Transmigration
 50469 | Depths:3 | Identified the Catalogue of the Rocks and Toxins
 50751 | Depths:3 | Reached XP level 25. HP: 76/164 MP: 40/40
 50959 | Depths:3 | Lost mutation: Your movements are slightly less encumbered by armour. (ER -2) [mutagenic meat]
 50960 | Depths:3 | Lost mutation: Your body sometimes deteriorates upon taking damage. [mutagenic meat]
 50961 | Depths:3 | Gained mutation: You occasionally shout uncontrollably at your foes. [mutagenic meat]
 51024 | Depths:3 | Lost mutation: Your mind is acute. (Int +2) [mutagenic meat]
 51026 | Depths:3 | Gained mutation: You are partially covered in large bone plates. (SH +4) [mutagenic meat]
 51069 | Depths:3 | Gained mutation: You have a pair of horns on your head. [mutagenic meat]
 52195 | Depths:4 | Noticed a juggernaut
 52210 | Depths:4 | Killed a juggernaut
 52304 | Depths:4 | Got a warped morningstar {venom}
 53504 | Depths:5 | Entered Level 5 of the Depths
 53614 | Depths:5 | Found a glowing golden altar of the Shining One.
 53639 | Depths:5 | Noticed the Enchantress
 53658 | Depths:5 | Found a gate to the Realm of Zot.
 53678 | Depths:5 | Found Nauguvex's General Store.
 54118 | Depths:5 | Reached XP level 26. HP: 169/172 MP: 40/40
 54130 | Depths:4 | Cast into level 2 of the Abyss (the Enchantress)
 54489 | Abyss:3  | HP: 7/172 [starcursed mass/accursed screaming (7)]
 54491 | Abyss:3  | HP: 2/172 [something/blast of flame (6)]
 54569 | Depths:4 | Escaped the Abyss
 55056 | Depths:5 | Gained mutation: You are clumsy. (Dex -2) [mutagenic meat]
 55057 | Depths:5 | Lost mutation: Your skin changes colour to match your surroundings (Stealth+). [mutagenic meat]
 55584 | Zot:1    | Entered Level 1 of the Realm of Zot
 56070 | Zot:1    | Noticed an orb of fire
 56354 | Zot:1    | Gained mutation: Your body sometimes deteriorates upon taking damage. [an orb of fire]
 56369 | Zot:1    | Killed an orb of fire
 57209 | Zot:2    | Found Xakhlomn's Changing Room.
 57242 | Zot:2    | Bought a potion of beneficial mutation for 735 gold pieces
 57242 | Zot:2    | Gained mutation: You are highly resistant to hostile enchantments. (MR++) [potion of beneficial mutation]
 57389 | Zot:2    | Reached skill level 10 in Dodging
 57792 | Zot:2    | Reached XP level 27. HP: 164/179 MP: 40/40
 58900 | Zot:3    | Identified the +5 scale mail of the Guilds {+Blink} (You found it on level 3 of the Realm of Zot)
 62368 | Crypt:1  | Learned a level 1 spell: Summon Butterflies
 63232 | Crypt:3  | Entered Level 3 of the Crypt
 63830 | Crypt:3  | Noticed a greater mummy
 63866 | Crypt:3  | Killed a greater mummy
 64786 | Crypt:3  | Got a jasper-studded scale mail
 64827 | Crypt:3  | Found a staircase to the Tomb.
 65142 | Tomb:1   | Entered Level 1 of the Tomb of the Ancients
 65227 | Tomb:1   | Noticed Sojobo
 65262 | Tomb:1   | Killed Sojobo
 66417 | Tomb:1   | Noticed a greater mummy
 66441 | Tomb:1   | Killed a greater mummy
 66919 | Tomb:2   | Noticed a greater mummy
 66919 | Tomb:2   | Noticed a greater mummy
 66920 | Tomb:2   | Noticed a greater mummy
 66921 | Tomb:2   | Noticed an ancient lich
 67123 | Tomb:2   | Killed a greater mummy
 67381 | Tomb:1   | Killed a greater mummy
 67387 | Tomb:1   | Killed an ancient lich
 67665 | Tomb:1   | Killed a greater mummy
 68477 | Tomb:1   | Noticed a greater mummy
 68477 | Tomb:1   | Noticed a greater mummy
 68477 | Tomb:1   | Noticed a greater mummy
 68477 | Tomb:1   | Noticed a greater mummy
 68478 | Tomb:1   | Noticed a greater mummy
 68479 | Tomb:1   | Noticed a greater mummy
 68480 | Tomb:1   | Noticed a greater mummy
 68488 | Tomb:2   | Killed a greater mummy
 68802 | Tomb:1   | Killed a greater mummy
 68802 | Tomb:1   | Killed a greater mummy
 68802 | Tomb:1   | Killed a greater mummy
 68809 | Tomb:1   | Killed a greater mummy
 68809 | Tomb:1   | Killed a greater mummy
 68816 | Tomb:1   | Noticed a greater mummy
 68821 | Tomb:2   | Killed a greater mummy
 69034 | Tomb:1   | Killed a greater mummy
 69042 | Tomb:1   | Noticed a greater mummy
 69054 | Tomb:1   | Killed a greater mummy
 69284 | Tomb:1   | Noticed a greater mummy
 69356 | Tomb:1   | Noticed a greater mummy
 69370 | Tomb:1   | Killed a greater mummy
 69387 | Tomb:1   | Killed a greater mummy
 69702 | Tomb:1   | Noticed a greater mummy
 69706 | Tomb:1   | Noticed a greater mummy
 70232 | Tomb:1   | Killed a greater mummy
 70368 | Tomb:1   | Noticed a greater mummy
 70379 | Tomb:1   | Killed a greater mummy
 70397 | Tomb:1   | Noticed a greater mummy
 70397 | Tomb:1   | Killed a greater mummy
 70420 | Tomb:1   | Killed a greater mummy
 70428 | Tomb:1   | Noticed a greater mummy
 70806 | Tomb:1   | Killed a greater mummy
 70884 | Tomb:1   | Noticed a greater mummy
 70891 | Tomb:1   | Noticed a greater mummy
 70896 | Tomb:1   | Killed a greater mummy
 70898 | Tomb:1   | Noticed a greater mummy
 70899 | Tomb:1   | Noticed a greater mummy
 70901 | Tomb:1   | Noticed a greater mummy
 71462 | Tomb:1   | Killed a greater mummy
 71646 | Tomb:1   | Killed a greater mummy
 71766 | Tomb:1   | Killed a greater mummy
 71777 | Tomb:1   | Killed a greater mummy
 72108 | Tomb:3   | Entered Level 3 of the Tomb of the Ancients
 72147 | Tomb:3   | Noticed a greater mummy
 72716 | Tomb:3   | Noticed a greater mummy
 72716 | Tomb:3   | Noticed a greater mummy
 72730 | Tomb:2   | Killed a greater mummy
 72994 | Tomb:2   | Killed a greater mummy
 73135 | Tomb:3   | Noticed a greater mummy
 73144 | Tomb:2   | Killed a greater mummy
 73362 | Tomb:2   | Killed a greater mummy
 73544 | Tomb:3   | Noticed a greater mummy
 73765 | Tomb:3   | Killed a greater mummy
 73832 | Tomb:3   | Noticed a greater mummy
 73839 | Tomb:3   | Killed a greater mummy
 73894 | Tomb:3   | Noticed a greater mummy
 73902 | Tomb:3   | Killed a greater mummy
 74026 | Tomb:3   | Identified the amulet of Sif Muna's Regard {Faith +Inv} (You found it on level 3 of the Tomb of the Ancients)
 74077 | Tomb:3   | Got a pitted brass ring
 74078 | Tomb:3   | Identified the ring of Divine Intervention {Dex+3 SInv Stlth+} (You found it on level 3 of the Tomb of the Ancients)
 74111 | Tomb:3   | Got a scorched helmet
 74152 | Tomb:3   | Noticed an ancient lich
 74153 | Tomb:3   | Noticed a greater mummy
 74177 | Tomb:3   | Killed from afar by an ancient lich

Skill      XL: |  1  2  3  4  5  6  7  8  9 10 11 12 13 14 15 16 17 18 19 20 21 22 23 24 25 26 27 |
---------------+----------------------------------------------------------------------------------+-----
Shields        | 4 5 6 9 11 12 13 14 16 17 18 19 20 23 | 23.0
Maces & Flails | 3 4 6 9 11 12 15 16 20 | 20.1
Fighting       | 4 5 7 9 11 12 13 14 16 17 18 19 20 23 | 23.0
Armour         | 4 5 6 7 9 11 13 15 16 18 19 20 22 | 22.8
Dodging        | 1 3 6 8 10 14 | 14.0
Invocations    | 3 8 11 13 14 15 16 17 19 21 23 25 26 27 | 27.0
Stealth        | |  0.5

Action                   |  1- 3 |  4- 6 |  7- 9 | 10-12 | 13-15 | 16-18 | 19-21 | 22-24 | 25-27 || total
-------------------------+-------+-------+-------+-------+-------+-------+-------+-------+-------++-------
Melee: Flail             |   107 |   202 |   368 |  1004 |   940 |       |       |       |       ||  2621
       Dire flail        |       |       |       |       |  1083 |    49 |       |       |       ||  1132
       Eveningstar       |       |       |       |       |       |  1200 |  1062 |  1336 |  1319 ||  4917
       Headbutt          |       |       |       |       |       |       |       |    53 |   725 ||   778
       Great mace        |       |       |       |       |       |       |       |       |  1441 ||  1441
Throw: Stone             |       |       |     1 |     1 |       |       |       |       |       ||     2
       Javelin           |       |       |       |       |       |       |       |       |     1 ||     1
Invok: Upheaval          |       |       |       |     2 |     9 |     3 |     4 |     9 |     8 ||    35
       Elemental Force   |       |       |       |       |     2 |     2 |       |     4 |     8 ||    16
       Disaster Area     |       |       |       |       |       |     4 |    11 |     5 |    17 ||    37
 Abil: Fly               |       |       |       |       |     1 |       |       |     1 |     2 ||     4
       Evoke Berserk Rag |       |       |       |       |       |     3 |       |       |       ||     3
       Stop Flying       |       |       |       |       |       |       |       |     1 |     2 ||     3
Evoke: Wand              |       |       |       |       |       |     1 |       |       |     9 ||    10
       Figurine of a zig |       |       |       |       |       |       |       |       |     1 ||     1
  Use: Scroll            |     3 |     3 |     2 |    14 |    19 |     7 |     5 |    19 |    32 ||   104
       Potion            |       |     1 |     1 |     4 |     6 |       |     1 |     2 |    13 ||    28
 Stab: Distracted        |       |       |       |     1 |       |       |       |       |       ||     1
  Eat: Chunk             |       |     4 |    14 |    24 |    39 |    36 |    83 |    28 |    32 ||   260
       Pizza             |       |       |       |     1 |       |       |       |     4 |     2 ||     7
       Bread ration      |       |       |       |       |     1 |     1 |       |     1 |     7 ||    10
       Beef jerky        |       |       |       |       |       |       |       |     2 |       ||     2
       Meat ration       |       |       |       |       |       |       |       |     1 |     2 ||     3
       Royal jelly       |       |       |       |       |       |       |       |     2 |     3 ||     5
       Fruit             |       |       |       |       |       |       |       |       |    12 ||    12
Armor: Scale mail        |    70 |     5 |       |       |       |       |       |       |       ||    75
       Chain mail        |       |   127 |    80 |       |       |       |       |       |       ||   207
       Ring mail         |       |       |    64 |   428 |   151 |       |       |       |       ||   643
       Crystal plate arm |       |       |       |       |   686 |   582 |   339 |   811 |  1752 ||  4170
Dodge: Dodged            |    50 |    52 |    67 |   287 |   280 |   139 |    98 |   298 |   884 ||  2155
       Deflected         |       |       |       |     3 |    20 |    23 |    17 |    21 |    24 ||   108
Block: Shield            |    67 |   133 |   217 |  1115 |   841 |  1341 |   865 |  1917 |  1859 ||  8355
       Other             |       |       |       |       |   529 |    75 |    75 |       |   910 ||  1589
       Reflection        |       |       |       |       |    12 |   152 |   140 |   132 |    32 ||   468
